cohdb
Replays
Latest Replays
All Replays
Popular Replays
Top Player Replays
Match Explorer
How It Works
Community
CoH3 Stats
Reddit
Sign in to upload your games and track your stats! →
Sign in with Steam
Match 45195706
Unlisted
Match 45195706
Overview
Messages
Build Orders
End
Construct Infanterie Kompanie
Selects Mechanized Battlegroup
MG 42 Machine Gun Team
Grenadier Squad
Grenadier Squad
Construct Panzergrenadier Kompanie
Selects Mobile Repair Stations
Pak 40 Anti-tank Gun Team
251 Medium Carrier
Grenadier Squad
Support Elements
Pioneer Squad
Medical Station
Nebelwerfer 42 Rocket Launcher Team
Pioneer Squad
Panzergrenadier Squad
Selects Wespe Self-propelled Artillery
Pioneer Squad
Construct Panzer Kompanie
Selects Zeroing Artillery Barrage
Forward Retreat Point
Medical Bunker
Selects Raid Package
Panzer IV Medium Tank
Panzer IV Medium Tank
Bootz
Tvman265
Magmakarp
Stubbs
sewage bill
TeamSpeakUser
LITTLE TRICKSTER
jway22
0
0
Comments
sign in to comment!
No comments posted yet!